[ AOE2 MATCH · #482475111 ]
UnrankedBritons vs Armenians
[ REPLAY ANALYSIS · EXTRACTED FROM THE RECORDED GAME ]
Feudal
10:31
Castle
14:56
Imperial
—
| APM avg | 46.1 |
| APM peak | 83 |
| eAPM avg | 26.7 |
| Villagers / military | 100 / 124 |
Focus
⚔️ 30.9% · 🌾 69.1%
Longbowman ×118 · Petard ×3 · Mangonel ×2 · Battering Ram ×1
Feudal
9:28
Castle
20:05
Imperial
—
| APM avg | 26.9 |
| APM peak | 60 |
| eAPM avg | 16.2 |
| Villagers / military | 73 / 34 |
Focus
⚔️ 25.7% · 🌾 74.3%
Militia ×10 · Spearman ×8 · Battering Ram ×7 · Mangonel ×6 · Scorpion ×3
Feudal
11:05
Castle
15:03
Imperial
28:12
| APM avg | 36.5 |
| APM peak | 79 |
| eAPM avg | 19.1 |
| Villagers / military | 125 / 78 |
Focus
⚔️ 22.7% · 🌾 77.3%
Camel Scout ×32 · Ghulam ×19 · Hand Cannoneer ×13 · Skirmisher ×5 · Bombard Cannon ×5 · Monk ×2
Feudal
10:45
Castle
15:26
Imperial
30:08
| APM avg | 28.7 |
| APM peak | 94 |
| eAPM avg | 14.9 |
| Villagers / military | 129 / 90 |
Focus
⚔️ 17.1% · 🌾 82.9%
Spearman ×77 · Trebuchet (Packed) ×6 · Knight ×5 · Monk ×2
Feudal
11:52
Castle
18:46
Imperial
35:18
| APM avg | 16.4 |
| APM peak | 48 |
| eAPM avg | 13.7 |
| Villagers / military | 145 / 139 |
Focus
⚔️ 24.3% · 🌾 75.7%
Huskarl ×135 · Skirmisher ×3 · Spearman ×1
Feudal
10:24
Castle
14:34
Imperial
—
| APM avg | 49.7 |
| APM peak | 91 |
| eAPM avg | 23.1 |
| Villagers / military | 63 / 32 |
Focus
⚔️ 16.6% · 🌾 83.4%
Knight ×11 · Mangonel ×8 · Missionary ×6 · Spearman ×4 · Scorpion ×2 · Monk ×1
Feudal
11:26
Castle
15:40
Imperial
35:57
| APM avg | 36.8 |
| APM peak | 96 |
| eAPM avg | 19.2 |
| Villagers / military | 80 / 54 |
Focus
⚔️ 25.5% · 🌾 74.5%
Scorpion ×29 · Spearman ×14 · Battering Ram ×11
Feudal
10:15
Castle
14:13
Imperial
28:56
| APM avg | 35.7 |
| APM peak | 112 |
| eAPM avg | 19.8 |
| Villagers / military | 216 / 54 |
Focus
⚔️ 20.7% · 🌾 79.3%
Cavalry Archer ×35 · Magyar Huszar ×15 · Spearman ×4
Match map
Initial resources + every placement click. Lines = walls · curves = elevation contours. ◆ gold · ⬟ stone · ● berries · ✦ relic · ◌ wall gap
Your base· ✓ Closed at 14:56 · 0t walls · 3 gate(s)
dong's base· ✓ Closed at 20:05 · 0t walls · 2 gate(s)
DUDA's base· ✓ Closed at 15:03 · 0t walls · 2 gate(s)
monkeyken7414's base· ✓ Closed at 15:26 · 0t walls · 2 gate(s)
woohoohoo's base· ✓ Closed at 18:46 · 0t walls · 3 gate(s)
哈基索米's base· ✓ Closed at 14:34 · 0t walls · 2 gate(s)
一杯茶's base· ✓ Closed at 15:40 · 0t walls · 4 gate(s)
言灵·镰鼬's base· ✓ Closed at 14:13 · 0t walls · 3 gate(s)
Smoothed initial terrain · ◌ = detected wall gap · hover for details
Inputs per minute
— Putmalk - - dong
Build order — Putmalk
First 150 of 346 actions detected
| 0:01 | Create | Villager (Male) |
| 0:01 | Create | Villager (Male) |
| 0:01 | Create | Villager (Male) |
| 0:01 | Create | Villager (Male) |
| 0:02 | Create | Villager (Male) |
| 0:03 | Build | House |
| 0:05 | Build | House |
| 1:32 | Create | Villager (Male) |
| 1:32 | Create | Villager (Male) |
| 1:44 | Build | Lumber Camp |
| 1:46 | Create | Villager (Male) |
| 2:11 | Create | Villager (Male) |
| 2:36 | Create | Villager (Male) |
| 2:37 | Create | Villager (Male) |
| 2:57 | Create | Villager (Male) |
| 2:57 | Create | Villager (Male) |
| 3:19 | Create | Villager (Male) |
| 3:24 | Build | House |
| 4:03 | Build | Mill |
| 4:11 | Create | Villager (Male) |
| 4:35 | Create | Villager (Male) |
| 4:35 | Create | Villager (Male) |
| 4:51 | Create | Villager (Male) |
| 4:52 | Create | Villager (Male) |
| 4:52 | Create | Villager (Male) |
| 5:14 | Create | Villager (Male) |
| 5:45 | Create | Villager (Male) |
| 5:54 | Build | House |
| 6:07 | Create | Villager (Male) |
| 6:39 | Create | Villager (Male) |
| 7:20 | Create | Villager (Male) |
| 7:50 | Create | Villager (Male) |
| 7:56 | Research | Feudal Age |
| 8:01 | Build | Mining Camp |
| 8:37 | Build | Farm |
| 8:39 | Build | Farm |
| 8:42 | Build | Farm |
| 9:41 | Create | Villager (Male) |
| 9:41 | Create | Villager (Male) |
| 9:56 | Build | Farm |
| 10:31 | Age | Feudal Age |
| 10:34 | Build | Blacksmith |
| 10:38 | Build | Market |
| 10:46 | Build | Farm |
| 10:57 | Research | Loom |
| 11:04 | Build | House |
| 11:07 | Build | House |
| 11:23 | Build | Farm |
| 11:24 | Build | Farm |
| 11:26 | Create | Villager (Male) |
| 12:10 | Create | Villager (Male) |
| 12:16 | Research | Castle Age |
| 12:16 | Research | Castle Age |
| 12:32 | Build | Mining Camp |
| 12:37 | Research | Double-Bit Axe |
| 13:01 | Research | Gold Mining |
| 13:53 | Create | Villager (Male) |
| 14:56 | Age | Castle Age |
| 15:06 | Build | Castle |
| 15:15 | Create | Villager (Male) |
| 15:33 | Create | Villager (Male) |
| 15:57 | Create | Villager (Male) |
| 16:06 | Build | Farm |
| 16:17 | Build | Castle |
| 16:27 | Create | Villager (Male) |
| 16:34 | Build | Farm |
| 16:34 | Build | Farm |
| 16:35 | Build | Farm |
| 16:35 | Build | Farm |
| 16:47 | Build | House |
| 16:49 | Build | House |
| 16:51 | Build | House |
| 17:08 | Create | Villager (Male) |
| 17:08 | Create | Villager (Male) |
| 17:28 | Create | Villager (Male) |
| 17:41 | Create | Longbowman |
| 17:42 | Create | Longbowman |
| 17:47 | Build | Lumber Camp |
| 17:54 | Research | Fletching |
| 18:03 | Create | Villager (Male) |
| 18:07 | Create | Villager (Male) |
| 18:09 | Create | Longbowman |
| 18:21 | Create | Longbowman |
| 18:23 | Create | Longbowman |
| 18:32 | Create | Villager (Male) |
| 18:43 | Build | Siege Workshop |
| 18:46 | Build | House |
| 18:50 | Build | House |
| 18:51 | Build | House |
| 19:00 | Create | Petard |
| 19:00 | Create | Petard |
| 19:03 | Create | Petard |
| 19:18 | Create | Longbowman |
| 19:30 | Build | Farm |
| 19:34 | Create | Battering Ram |
| 19:49 | Research | Bodkin Arrow |
| 19:50 | Research | Bodkin Arrow |
| 19:59 | Create | Longbowman |
| 20:06 | Create | Villager (Male) |
| 20:14 | Create | Longbowman |
| 20:35 | Create | Longbowman |
| 20:35 | Create | Longbowman |
| 20:44 | Create | Longbowman |
| 20:44 | Create | Longbowman |
| 20:46 | Create | Villager (Male) |
| 20:47 | Create | Villager (Male) |
| 20:52 | Build | University |
| 20:59 | Create | Longbowman |
| 20:59 | Create | Longbowman |
| 21:13 | Create | Villager (Male) |
| 21:16 | Create | Villager (Male) |
| 21:30 | Create | Longbowman |
| 21:35 | Create | Longbowman |
| 21:50 | Create | Villager (Male) |
| 22:19 | Research | Ballistics |
| 22:19 | Create | Villager (Male) |
| 22:23 | Research | Gold Shaft Mining |
| 22:30 | Build | Farm |
| 22:31 | Build | Farm |
| 22:33 | Create | Villager (Male) |
| 22:36 | Create | Longbowman |
| 22:49 | Create | Longbowman |
| 23:19 | Create | Villager (Male) |
| 23:19 | Create | Villager (Male) |
| 23:30 | Create | Villager (Male) |
| 23:32 | Build | Farm |
| 23:33 | Build | Farm |
| 23:33 | Build | Farm |
| 23:34 | Create | Villager (Male) |
| 23:34 | Create | Longbowman |
| 23:34 | Create | Longbowman |
| 23:35 | Create | Longbowman |
| 23:40 | Create | Longbowman |
| 23:57 | Create | Longbowman |
| 24:04 | Create | Longbowman |
| 24:04 | Create | Longbowman |
| 24:08 | Create | Longbowman |
| 24:19 | Create | Villager (Male) |
| 24:23 | Create | Longbowman |
| 24:29 | Build | Town Center |
| 24:29 | Create | Villager (Male) |
| 24:32 | Build | Farm |
| 24:33 | Create | Villager (Male) |
| 24:34 | Research | Horse Collar |
| 24:43 | Create | Longbowman |
| 24:44 | Create | Longbowman |
| 24:50 | Create | Mangonel |
| 25:00 | Create | Longbowman |
| 25:14 | Create | Longbowman |
| 25:15 | Create | Longbowman |
Build order — dong
First 150 of 171 actions detected
| 0:02 | Create | Villager (Male) |
| 0:03 | Build | House |
| 0:05 | Build | House |
| 0:13 | Create | Villager (Male) |
| 0:13 | Create | Villager (Male) |
| 0:14 | Create | Villager (Male) |
| 0:29 | Build | House |
| 1:36 | Create | Villager (Male) |
| 2:09 | Research | Loom |
| 2:09 | Create | Villager (Male) |
| 2:13 | Build | Mule Cart |
| 2:36 | Create | Villager (Male) |
| 3:00 | Create | Villager (Male) |
| 3:49 | Create | Villager (Male) |
| 4:14 | Create | Villager (Male) |
| 4:15 | Create | Villager (Male) |
| 4:21 | Build | Mill |
| 4:26 | Create | Villager (Male) |
| 4:34 | Create | Villager (Male) |
| 4:54 | Create | Villager (Male) |
| 5:36 | Build | House |
| 5:38 | Create | Villager (Male) |
| 6:01 | Create | Villager (Male) |
| 7:18 | Research | Feudal Age |
| 8:52 | Create | Villager (Male) |
| 8:52 | Create | Villager (Male) |
| 9:26 | Create | Villager (Male) |
| 9:28 | Age | Feudal Age |
| 9:29 | Research | Double-Bit Axe |
| 9:31 | Research | Horse Collar |
| 9:39 | Build | Mule Cart |
| 10:24 | Build | Mule Cart |
| 10:29 | Create | Villager (Male) |
| 10:32 | Build | Farm |
| 10:33 | Build | Farm |
| 10:34 | Build | Farm |
| 10:44 | Create | Villager (Male) |
| 10:52 | Build | Farm |
| 11:09 | Create | Villager (Male) |
| 11:16 | Build | House |
| 11:17 | Build | House |
| 11:18 | Build | House |
| 11:26 | Research | Wheelbarrow |
| 11:38 | Create | Villager (Male) |
| 11:41 | Build | Farm |
| 11:55 | Build | Blacksmith |
| 11:59 | Create | Villager (Male) |
| 12:37 | Create | Villager (Male) |
| 12:38 | Create | Villager (Male) |
| 13:12 | Build | Market |
| 13:15 | Build | Farm |
| 13:21 | Build | Farm |
| 13:41 | Create | Villager (Male) |
| 13:50 | Research | Gold Mining |
| 14:04 | Build | Farm |
| 14:09 | Build | Farm |
| 14:15 | Create | Villager (Male) |
| 14:33 | Build | House |
| 14:34 | Build | House |
| 14:35 | Build | House |
| 14:40 | Build | Farm |
| 15:00 | Build | Farm |
| 15:01 | Build | Farm |
| 15:05 | Build | Farm |
| 15:08 | Create | Villager (Male) |
| 15:16 | Build | Barracks |
| 15:23 | Build | Farm |
| 15:56 | Build | Barracks |
| 16:03 | Create | Villager (Male) |
| 16:27 | Create | Spearman |
| 16:45 | Create | Spearman |
| 17:08 | Create | Spearman |
| 17:25 | Research | Castle Age |
| 17:25 | Research | Castle Age |
| 17:49 | Build | Barracks |
| 18:24 | Research | Scale Mail Armor |
| 18:38 | Research | Man-at-Arms (upgrade) |
| 18:47 | Create | Militia |
| 18:57 | Create | Militia |
| 19:11 | Create | Militia |
| 19:13 | Research | Long Swordsman (upgrade) |
| 20:05 | Age | Castle Age |
| 20:07 | Create | Villager (Male) |
| 20:07 | Create | Villager (Male) |
| 20:12 | Build | Siege Workshop |
| 20:16 | Create | Militia |
| 20:17 | Create | Militia |
| 20:18 | Create | Militia |
| 20:19 | Create | Militia |
| 20:19 | Create | Militia |
| 20:32 | Create | Militia |
| 20:34 | Create | Militia |
| 20:53 | Build | Gate |
| 21:16 | Create | Mangonel |
| 21:21 | Create | Villager (Male) |
| 21:21 | Create | Villager (Male) |
| 21:30 | Build | Town Center |
| 21:33 | Create | Villager (Male) |
| 21:33 | Create | Villager (Male) |
| 22:29 | Build | Stone Wall |
| 22:50 | Create | Scorpion |
| 22:52 | Create | Villager (Male) |
| 22:52 | Create | Villager (Male) |
| 22:54 | Create | Spearman |
| 22:54 | Create | Spearman |
| 22:54 | Create | Spearman |
| 22:57 | Research | Pikeman (upgrade) |
| 22:57 | Create | Spearman |
| 22:57 | Create | Spearman |
| 23:33 | Create | Villager (Male) |
| 23:34 | Create | Villager (Male) |
| 23:34 | Build | Farm |
| 23:35 | Build | Farm |
| 23:37 | Create | Villager (Male) |
| 23:41 | Build | Farm |
| 24:34 | Build | Stone Wall |
| 24:36 | Build | Stone Wall |
| 24:46 | Create | Villager (Male) |
| 24:46 | Create | Villager (Male) |
| 24:48 | Create | Villager (Male) |
| 24:48 | Create | Villager (Male) |
| 24:54 | Build | Town Center |
| 24:59 | Create | Villager (Male) |
| 24:59 | Create | Villager (Male) |
| 25:23 | Create | Villager (Male) |
| 25:23 | Create | Villager (Male) |
| 25:43 | Create | Mangonel |
| 25:45 | Create | Villager (Male) |
| 25:45 | Create | Villager (Male) |
| 26:13 | Create | Villager (Male) |
| 26:14 | Build | Farm |
| 26:19 | Create | Mangonel |
| 26:43 | Create | Villager (Male) |
| 26:43 | Create | Villager (Male) |
| 26:56 | Build | House |
| 27:04 | Create | Villager (Male) |
| 27:04 | Create | Villager (Male) |
| 27:31 | Create | Mangonel |
| 27:36 | Create | Scorpion |
| 27:53 | Create | Villager (Male) |
| 27:56 | Create | Villager (Male) |
| 28:24 | Create | Villager (Male) |
| 29:01 | Create | Villager (Male) |
| 29:08 | Create | Scorpion |
| 29:10 | Create | Mangonel |
| 29:19 | Build | House |
| 29:21 | Create | Villager (Male) |
| 29:30 | Create | Villager (Male) |
| 29:45 | Create | Battering Ram |
| 29:46 | Create | Battering Ram |
Build order — DUDA
First 150 of 372 actions detected
| 0:02 | Create | Villager (Male) |
| 0:02 | Create | Villager (Male) |
| 0:02 | Create | Villager (Male) |
| 0:02 | Create | Villager (Male) |
| 0:02 | Create | Villager (Male) |
| 0:05 | Build | House |
| 0:06 | Build | House |
| 1:10 | Create | Villager (Male) |
| 1:57 | Build | Lumber Camp |
| 2:02 | Create | Villager (Male) |
| 2:12 | Create | Villager (Male) |
| 3:09 | Build | House |
| 3:13 | Build | House |
| 3:30 | Create | Villager (Male) |
| 3:31 | Create | Villager (Male) |
| 3:48 | Create | Villager (Male) |
| 3:59 | Create | Villager (Male) |
| 4:13 | Create | Villager (Male) |
| 4:59 | Build | Mill |
| 5:01 | Create | Villager (Male) |
| 5:23 | Create | Villager (Male) |
| 6:24 | Create | Villager (Male) |
| 6:31 | Build | Mining Camp |
| 6:50 | Create | Villager (Male) |
| 7:12 | Create | Villager (Male) |
| 7:31 | Create | Villager (Male) |
| 7:51 | Create | Villager (Male) |
| 8:25 | Create | Villager (Male) |
| 8:33 | Research | Feudal Age |
| 8:58 | Build | Farm |
| 9:01 | Build | Farm |
| 9:05 | Build | House |
| 9:42 | Build | Farm |
| 11:05 | Age | Feudal Age |
| 11:08 | Create | Villager (Male) |
| 11:08 | Create | Villager (Male) |
| 11:13 | Build | Market |
| 11:19 | Build | Blacksmith |
| 11:32 | Build | Farm |
| 11:36 | Build | Farm |
| 11:53 | Create | Villager (Male) |
| 12:08 | Build | House |
| 12:17 | Research | Castle Age |
| 12:43 | Research | Double-Bit Axe |
| 12:53 | Research | Horse Collar |
| 12:54 | Research | Horse Collar |
| 15:03 | Age | Castle Age |
| 15:05 | Create | Villager (Male) |
| 15:05 | Create | Villager (Male) |
| 15:07 | Create | Villager (Male) |
| 15:13 | Build | Town Center |
| 15:22 | Build | Town Center |
| 15:24 | Create | Villager (Male) |
| 15:25 | Create | Villager (Male) |
| 15:31 | Build | Monastery |
| 15:43 | Create | Villager (Male) |
| 15:58 | Build | Farm |
| 16:00 | Research | Bow Saw |
| 16:07 | Build | House |
| 16:20 | Create | Monk |
| 16:25 | Create | Villager (Male) |
| 16:26 | Build | Farm |
| 16:39 | Build | Farm |
| 16:42 | Build | Farm |
| 16:46 | Build | Farm |
| 16:49 | Build | Farm |
| 16:50 | Create | Villager (Male) |
| 16:54 | Build | House |
| 16:58 | Create | Villager (Male) |
| 17:00 | Build | Farm |
| 17:07 | Create | Villager (Male) |
| 17:09 | Create | Villager (Male) |
| 17:10 | Create | Villager (Male) |
| 17:19 | Build | Farm |
| 17:21 | Build | Farm |
| 17:25 | Create | Villager (Male) |
| 17:50 | Create | Villager (Male) |
| 17:52 | Create | Monk |
| 17:56 | Create | Villager (Male) |
| 17:58 | Build | Farm |
| 18:01 | Build | Farm |
| 18:03 | Create | Villager (Male) |
| 18:08 | Create | Villager (Male) |
| 18:08 | Create | Villager (Male) |
| 18:24 | Create | Villager (Male) |
| 18:26 | Build | Farm |
| 18:29 | Build | Farm |
| 18:51 | Build | Town Center |
| 18:51 | Create | Villager (Male) |
| 18:52 | Create | Villager (Male) |
| 18:54 | Create | Villager (Male) |
| 19:10 | Create | Villager (Male) |
| 19:15 | Create | Villager (Male) |
| 19:21 | Build | Farm |
| 19:21 | Create | Villager (Male) |
| 19:27 | Create | Villager (Male) |
| 19:34 | Build | Farm |
| 19:36 | Build | Farm |
| 19:39 | Build | Farm |
| 19:40 | Build | Farm |
| 19:43 | Build | Farm |
| 19:45 | Create | Villager (Male) |
| 19:46 | Create | Villager (Male) |
| 19:50 | Build | Farm |
| 19:54 | Build | Farm |
| 19:57 | Build | Farm |
| 19:58 | Create | Villager (Male) |
| 20:11 | Build | House |
| 20:14 | Create | Villager (Male) |
| 20:22 | Build | House |
| 20:23 | Build | House |
| 20:25 | Create | Villager (Male) |
| 20:28 | Build | Farm |
| 20:32 | Research | Gold Mining |
| 20:33 | Create | Villager (Male) |
| 20:36 | Create | Villager (Male) |
| 20:36 | Create | Villager (Male) |
| 20:39 | Build | Farm |
| 20:57 | Research | Wheelbarrow |
| 21:03 | Build | House |
| 21:05 | Build | House |
| 21:11 | Build | Farm |
| 21:14 | Build | Farm |
| 21:16 | Create | Villager (Male) |
| 21:18 | Create | Villager (Male) |
| 21:37 | Create | Villager (Male) |
| 21:48 | Create | Villager (Male) |
| 21:50 | Create | Villager (Male) |
| 21:51 | Create | Villager (Male) |
| 22:01 | Build | Barracks |
| 22:09 | Research | Gold Shaft Mining |
| 22:10 | Create | Villager (Male) |
| 22:11 | Create | Villager (Male) |
| 22:12 | Create | Villager (Male) |
| 22:12 | Create | Villager (Male) |
| 22:33 | Create | Villager (Male) |
| 22:44 | Build | University |
| 22:45 | Create | Villager (Male) |
| 22:48 | Build | Farm |
| 22:51 | Build | Farm |
| 22:53 | Build | Farm |
| 22:55 | Research | Heavy Plow |
| 22:56 | Create | Villager (Male) |
| 22:59 | Build | Farm |
| 23:04 | Build | Farm |
| 23:05 | Create | Villager (Male) |
| 23:08 | Create | Villager (Male) |
| 23:08 | Create | Villager (Male) |
| 23:15 | Build | House |
| 23:16 | Build | House |
Build order — monkeyken7414
First 150 of 287 actions detected
| 0:03 | Create | Villager (Male) ×4 |
| 0:03 | Create | Villager (Male) ×4 |
| 0:03 | Create | Villager (Male) ×4 |
| 0:08 | Build | House |
| 1:24 | Create | Villager (Male) |
| 1:24 | Create | Villager (Male) |
| 1:46 | Build | House |
| 2:20 | Build | Mill |
| 2:21 | Create | Villager (Male) |
| 2:22 | Create | Villager (Male) |
| 2:22 | Create | Villager (Male) |
| 2:49 | Create | Villager (Male) |
| 2:50 | Create | Villager (Male) |
| 3:13 | Create | Villager (Male) |
| 3:17 | Build | House |
| 3:28 | Create | Villager (Male) |
| 3:29 | Create | Villager (Male) |
| 4:04 | Create | Villager (Male) |
| 4:05 | Create | Villager (Male) |
| 4:34 | Create | Villager (Male) |
| 4:34 | Create | Villager (Male) |
| 4:34 | Create | Villager (Male) |
| 5:00 | Create | Villager (Male) |
| 5:00 | Create | Villager (Male) |
| 5:24 | Build | House |
| 5:53 | Create | Villager (Male) |
| 6:24 | Create | Villager (Male) |
| 6:24 | Create | Villager (Male) |
| 6:35 | Build | Lumber Camp |
| 6:42 | Create | Villager (Male) |
| 7:16 | Create | Villager (Male) |
| 7:17 | Create | Villager (Male) |
| 8:27 | Build | Farm |
| 8:35 | Research | Feudal Age |
| 8:46 | Build | Mining Camp |
| 9:13 | Build | Farm |
| 9:43 | Build | Barracks |
| 10:13 | Create | Villager (Male) |
| 10:17 | Create | Villager (Male) |
| 10:45 | Age | Feudal Age |
| 10:52 | Build | Blacksmith |
| 11:16 | Research | Loom |
| 11:23 | Build | Stable |
| 11:51 | Build | Farm |
| 11:53 | Build | Farm |
| 12:46 | Research | Castle Age |
| 12:47 | Research | Castle Age |
| 13:12 | Build | Stable |
| 13:44 | Research | Double-Bit Axe |
| 13:45 | Research | Double-Bit Axe |
| 13:47 | Research | Horse Collar |
| 13:48 | Research | Horse Collar |
| 15:14 | Create | Villager (Male) |
| 15:26 | Age | Castle Age |
| 15:27 | Create | Knight |
| 15:28 | Create | Knight |
| 15:28 | Create | Knight |
| 15:32 | Create | Knight |
| 15:36 | Build | Monastery |
| 15:41 | Create | Villager (Male) |
| 16:03 | Create | Villager (Male) |
| 16:20 | Create | Monk |
| 16:28 | Build | Town Center |
| 17:30 | Build | Farm |
| 17:31 | Build | Farm |
| 17:32 | Create | Villager (Male) |
| 17:33 | Create | Villager (Male) |
| 17:36 | Build | Farm |
| 17:37 | Build | Farm |
| 17:39 | Create | Villager (Male) |
| 18:09 | Build | Farm |
| 18:10 | Create | Villager (Male) |
| 18:15 | Research | Bow Saw |
| 18:15 | Research | Bow Saw |
| 18:28 | Create | Villager (Male) |
| 18:28 | Create | Villager (Male) |
| 18:29 | Build | Farm |
| 18:35 | Create | Villager (Male) |
| 18:47 | Build | House |
| 18:48 | Build | House |
| 18:58 | Build | Farm |
| 19:02 | Create | Villager (Male) |
| 19:41 | Create | Villager (Male) |
| 19:41 | Create | Villager (Male) |
| 19:42 | Build | Farm |
| 19:44 | Build | Farm |
| 19:46 | Build | Farm |
| 20:01 | Build | Town Center |
| 20:05 | Create | Villager (Male) |
| 20:32 | Create | Knight |
| 21:01 | Create | Villager (Male) |
| 21:01 | Create | Villager (Male) |
| 21:05 | Create | Villager (Male) |
| 21:05 | Create | Villager (Male) |
| 21:28 | Build | Farm |
| 21:31 | Build | Farm |
| 21:34 | Build | Farm |
| 21:40 | Research | Wheelbarrow |
| 21:40 | Research | Wheelbarrow |
| 21:42 | Build | Farm |
| 21:44 | Build | Farm |
| 21:46 | Create | Villager (Male) |
| 21:52 | Build | Farm |
| 21:53 | Create | Villager (Male) |
| 21:53 | Create | Villager (Male) |
| 22:05 | Build | Farm |
| 22:06 | Build | Farm |
| 22:10 | Create | Villager (Male) |
| 22:18 | Build | Farm |
| 22:25 | Build | House |
| 22:26 | Build | House |
| 22:33 | Build | Farm |
| 22:35 | Create | Villager (Male) |
| 22:38 | Research | Heavy Plow |
| 22:38 | Research | Heavy Plow |
| 22:44 | Build | Farm |
| 22:48 | Build | Farm |
| 22:51 | Build | Farm |
| 22:57 | Build | Farm |
| 22:59 | Create | Villager (Male) |
| 23:07 | Create | Villager (Male) |
| 23:33 | Build | House |
| 23:37 | Create | Villager (Male) |
| 23:37 | Create | Villager (Male) |
| 23:40 | Create | Villager (Male) |
| 23:43 | Create | Villager (Male) |
| 23:43 | Create | Villager (Male) |
| 24:05 | Build | University |
| 24:14 | Build | Farm |
| 24:17 | Create | Villager (Male) |
| 24:17 | Create | Villager (Male) |
| 24:28 | Build | Farm |
| 24:31 | Build | Farm |
| 24:41 | Create | Villager (Male) |
| 24:44 | Create | Villager (Male) |
| 24:44 | Create | Villager (Male) |
| 24:49 | Create | Villager (Male) |
| 24:49 | Create | Villager (Male) |
| 24:55 | Build | Mining Camp |
| 25:00 | Create | Villager (Male) |
| 25:07 | Build | Farm |
| 25:09 | Create | Villager (Male) |
| 25:12 | Create | Villager (Male) |
| 25:18 | Create | Villager (Male) |
| 25:22 | Research | Stone Mining |
| 25:29 | Build | House |
| 25:30 | Build | House |
| 25:38 | Create | Villager (Male) |
| 25:43 | Build | Farm |
| 25:47 | Create | Villager (Male) |
Build order — woohoohoo
First 150 of 327 actions detected
| 0:02 | Create | Villager (Male) |
| 0:02 | Create | Villager (Male) |
| 0:02 | Create | Villager (Male) |
| 0:03 | Create | Villager (Male) |
| 0:05 | Build | House |
| 0:07 | Build | House |
| 0:36 | Research | Loom |
| 1:37 | Create | Villager (Male) |
| 1:48 | Build | Lumber Camp |
| 2:05 | Create | Villager (Male) |
| 2:06 | Create | Villager (Male) |
| 2:19 | Create | Villager (Male) |
| 2:58 | Create | Villager (Male) |
| 2:59 | Create | Villager (Male) |
| 3:11 | Create | Villager (Male) |
| 3:12 | Create | Villager (Male) |
| 3:27 | Build | House |
| 3:28 | Build | House |
| 3:35 | Build | House |
| 3:38 | Create | Villager (Male) |
| 3:40 | Create | Villager (Male) |
| 4:07 | Create | Villager (Male) |
| 4:26 | Create | Villager (Male) |
| 4:46 | Create | Villager (Male) |
| 4:47 | Create | Villager (Male) |
| 5:14 | Create | Villager (Male) |
| 5:15 | Create | Villager (Male) |
| 5:46 | Create | Villager (Male) |
| 6:01 | Build | Mill |
| 6:47 | Create | Villager (Male) |
| 6:47 | Create | Villager (Male) |
| 6:47 | Create | Villager (Male) |
| 7:24 | Create | Villager (Male) |
| 7:25 | Create | Villager (Male) |
| 7:46 | Create | Villager (Male) |
| 8:07 | Build | Mining Camp |
| 8:10 | Create | Villager (Male) |
| 8:12 | Create | Villager (Male) |
| 8:47 | Build | Farm |
| 8:50 | Build | Farm |
| 9:27 | Research | Feudal Age |
| 9:51 | Build | Mill |
| 9:57 | Build | House |
| 9:59 | Build | House |
| 10:01 | Build | House |
| 10:02 | Build | House |
| 10:04 | Build | House |
| 10:05 | Build | House |
| 11:50 | Create | Villager (Male) |
| 11:50 | Create | Villager (Male) |
| 11:51 | Create | Villager (Male) |
| 11:52 | Age | Feudal Age |
| 11:55 | Research | Double-Bit Axe |
| 11:57 | Research | Horse Collar |
| 12:00 | Research | Gold Mining |
| 12:08 | Build | Blacksmith |
| 12:15 | Build | Market |
| 12:36 | Build | Farm |
| 12:37 | Build | Farm |
| 12:39 | Create | Villager (Male) |
| 12:55 | Build | Farm |
| 13:18 | Create | Villager (Male) |
| 13:33 | Create | Villager (Male) |
| 14:02 | Build | Mining Camp |
| 14:09 | Build | Farm |
| 14:33 | Research | Wheelbarrow |
| 14:59 | Build | Farm |
| 15:01 | Build | Farm |
| 15:04 | Build | Farm |
| 15:06 | Build | Farm |
| 16:06 | Research | Castle Age |
| 16:06 | Research | Castle Age |
| 16:20 | Build | Farm |
| 16:21 | Build | Farm |
| 16:23 | Build | Farm |
| 16:58 | Research | Stone Mining |
| 17:20 | Build | Barracks |
| 17:50 | Create | Villager (Male) |
| 17:58 | Build | Lumber Camp |
| 18:30 | Research | Scale Mail Armor |
| 18:30 | Research | Forging |
| 18:42 | Build | Archery Range |
| 18:46 | Age | Castle Age |
| 18:49 | Research | Hand Cart |
| 18:53 | Create | Villager (Male) |
| 19:05 | Research | Bow Saw |
| 19:53 | Build | Castle |
| 20:21 | Create | Skirmisher |
| 20:22 | Create | Skirmisher |
| 20:22 | Create | Skirmisher |
| 20:45 | Create | Villager (Male) |
| 20:45 | Create | Villager (Male) |
| 20:46 | Create | Villager (Male) |
| 20:47 | Create | Villager (Male) |
| 20:47 | Create | Villager (Male) |
| 20:50 | Build | Town Center |
| 21:08 | Create | Villager (Male) |
| 21:14 | Create | Villager (Male) |
| 22:12 | Build | Town Center |
| 22:18 | Create | Villager (Male) |
| 22:18 | Create | Villager (Male) |
| 22:28 | Create | Villager (Male) |
| 22:34 | Research | Heavy Plow |
| 22:37 | Create | Villager (Male) |
| 22:49 | Research | Pikeman (upgrade) |
| 23:07 | Build | Barracks |
| 23:10 | Build | Barracks |
| 23:14 | Create | Villager (Male) |
| 23:14 | Create | Villager (Male) |
| 23:23 | Create | Spearman |
| 23:33 | Create | Villager (Male) |
| 23:33 | Create | Villager (Male) |
| 23:46 | Build | Town Center |
| 23:56 | Create | Villager (Male) |
| 24:19 | Create | Villager (Male) |
| 24:19 | Create | Villager (Male) |
| 24:22 | Create | Villager (Male) |
| 24:28 | Create | Villager (Male) |
| 24:36 | Build | Farm |
| 24:37 | Build | Farm |
| 24:37 | Build | Farm |
| 24:37 | Build | Farm |
| 24:38 | Build | Farm |
| 24:38 | Build | Farm |
| 24:38 | Build | Farm |
| 24:39 | Build | Farm |
| 24:39 | Build | Farm |
| 24:39 | Build | Farm |
| 24:40 | Build | Farm |
| 24:44 | Create | Villager (Male) |
| 24:44 | Create | Villager (Male) |
| 24:59 | Build | Farm |
| 25:00 | Build | Farm |
| 25:02 | Build | Farm |
| 25:03 | Create | Villager (Male) |
| 25:03 | Create | Villager (Male) |
| 25:10 | Build | House |
| 25:11 | Build | House |
| 25:12 | Build | House |
| 25:14 | Build | House |
| 25:17 | Create | Villager (Male) |
| 25:17 | Create | Villager (Male) |
| 25:22 | Create | Villager (Male) |
| 25:36 | Create | Villager (Male) |
| 25:36 | Create | Villager (Male) |
| 25:45 | Build | Farm |
| 25:46 | Build | Farm |
| 25:47 | Build | Farm |
| 25:48 | Build | Farm |
| 25:50 | Create | Villager (Male) |
Build order — 哈基索米
First 150 of 162 actions detected
| 0:01 | Create | Villager (Male) |
| 0:01 | Create | Villager (Male) |
| 0:02 | Create | Villager (Male) |
| 0:02 | Create | Villager (Male) |
| 0:02 | Create | Villager (Male) |
| 0:03 | Build | House |
| 0:05 | Build | House |
| 1:25 | Create | Villager (Male) |
| 1:25 | Create | Villager (Male) |
| 1:49 | Build | Lumber Camp |
| 2:02 | Create | Villager (Male) |
| 2:31 | Create | Villager (Male) |
| 2:49 | Create | Villager (Male) |
| 3:07 | Create | Villager (Male) |
| 3:28 | Build | House |
| 3:29 | Build | House |
| 3:53 | Create | Villager (Male) |
| 4:02 | Create | Villager (Male) |
| 4:14 | Build | Mill |
| 4:44 | Create | Villager (Male) |
| 5:11 | Create | Villager (Male) |
| 5:30 | Create | Villager (Male) |
| 6:03 | Create | Villager (Male) |
| 6:19 | Create | Villager (Male) |
| 6:57 | Create | Villager (Male) |
| 7:23 | Create | Villager (Male) |
| 7:43 | Create | Villager (Male) |
| 8:04 | Build | Mining Camp |
| 8:14 | Research | Feudal Age |
| 8:46 | Build | House |
| 9:35 | Build | House |
| 10:19 | Research | Loom |
| 10:22 | Create | Villager (Male) |
| 10:24 | Age | Feudal Age |
| 10:31 | Build | Market |
| 10:37 | Build | Blacksmith |
| 11:45 | Research | Horse Collar |
| 11:54 | Research | Castle Age |
| 12:48 | Build | Farm |
| 12:53 | Build | Farm |
| 13:08 | Research | Double-Bit Axe |
| 13:47 | Build | Barracks |
| 14:00 | Create | Villager (Male) |
| 14:01 | Create | Villager (Male) |
| 14:06 | Build | Farm |
| 14:34 | Age | Castle Age |
| 14:34 | Create | Villager (Male) |
| 14:39 | Build | Monastery |
| 14:50 | Build | Farm |
| 14:50 | Build | Farm |
| 14:54 | Research | Horse Collar |
| 15:13 | Build | Farm |
| 15:29 | Create | Missionary |
| 15:33 | Build | House |
| 15:36 | Build | Farm |
| 15:36 | Build | Farm |
| 15:40 | Create | Missionary |
| 15:44 | Create | Villager (Male) |
| 15:50 | Create | Spearman |
| 15:57 | Build | Farm |
| 16:09 | Build | House |
| 16:14 | Create | Spearman |
| 16:20 | Create | Villager (Male) |
| 16:22 | Build | Farm |
| 16:33 | Create | Missionary |
| 16:46 | Create | Villager (Male) |
| 16:49 | Build | Farm |
| 16:49 | Build | Farm |
| 16:59 | Build | House |
| 17:07 | Create | Villager (Male) |
| 17:37 | Create | Villager (Male) |
| 17:45 | Build | Town Center |
| 17:48 | Create | Villager (Male) |
| 17:53 | Build | House |
| 18:09 | Create | Villager (Male) |
| 18:09 | Create | Villager (Male) |
| 18:22 | Create | Villager (Male) |
| 18:22 | Create | Villager (Male) |
| 18:25 | Build | House |
| 18:26 | Create | Missionary |
| 18:43 | Create | Villager (Male) |
| 18:56 | Build | Siege Workshop |
| 19:02 | Create | Villager (Male) |
| 19:03 | Create | Villager (Male) |
| 19:19 | Create | Villager (Male) |
| 19:50 | Create | Villager (Male) |
| 19:58 | Build | Town Center |
| 20:01 | Build | Farm |
| 20:01 | Build | Farm |
| 20:02 | Build | Farm |
| 20:02 | Build | Farm |
| 20:02 | Build | Farm |
| 20:05 | Create | Villager (Male) |
| 20:20 | Create | Spearman |
| 20:28 | Create | Mangonel |
| 20:41 | Create | Villager (Male) |
| 20:43 | Create | Villager (Male) |
| 21:32 | Build | Gate |
| 21:39 | Create | Spearman |
| 21:55 | Build | Stable |
| 22:04 | Build | Stable |
| 22:12 | Create | Villager (Male) |
| 22:13 | Create | Villager (Male) |
| 22:46 | Create | Knight |
| 22:47 | Create | Knight |
| 22:53 | Build | Mining Camp |
| 23:02 | Create | Villager (Male) |
| 23:06 | Create | Knight |
| 23:23 | Create | Knight |
| 23:28 | Research | Bow Saw |
| 23:38 | Create | Villager (Male) |
| 23:39 | Create | Villager (Male) |
| 23:43 | Build | Mill |
| 23:44 | Build | Farm |
| 23:44 | Build | Farm |
| 23:45 | Build | Farm |
| 23:45 | Build | Farm |
| 23:45 | Build | Farm |
| 23:46 | Build | Farm |
| 23:46 | Build | Farm |
| 23:55 | Create | Missionary |
| 24:18 | Build | Farm |
| 24:18 | Build | Farm |
| 24:19 | Create | Villager (Male) |
| 24:35 | Create | Knight |
| 24:39 | Create | Knight |
| 25:05 | Build | Siege Workshop |
| 25:13 | Create | Knight |
| 25:43 | Create | Knight |
| 25:46 | Create | Villager (Male) |
| 26:15 | Create | Mangonel |
| 26:16 | Create | Mangonel |
| 26:20 | Create | Villager (Male) |
| 26:27 | Create | Mangonel |
| 26:39 | Build | Lumber Camp |
| 27:13 | Create | Knight |
| 27:23 | Create | Knight |
| 27:27 | Create | Missionary |
| 27:30 | Create | Villager (Male) |
| 27:58 | Create | Villager (Male) |
| 28:11 | Create | Monk |
| 30:06 | Build | Town Center |
| 31:23 | Create | Mangonel |
| 31:27 | Build | Town Center |
| 32:04 | Create | Mangonel |
| 32:44 | Build | Town Center |
| 33:02 | Create | Villager (Male) |
| 33:02 | Create | Villager (Male) |
| 33:14 | Create | Knight |
| 33:17 | Create | Villager (Male) |
Build order — 一杯茶
First 150 of 214 actions detected
| 0:02 | Create | Villager (Male) |
| 0:03 | Create | Villager (Male) |
| 0:03 | Create | Villager (Male) |
| 0:03 | Create | Villager (Male) |
| 0:04 | Create | Villager (Male) |
| 0:07 | Build | House |
| 0:09 | Build | House |
| 1:36 | Create | Villager (Male) |
| 2:06 | Create | Villager (Male) |
| 2:13 | Build | Lumber Camp |
| 2:32 | Create | Villager (Male) |
| 3:06 | Create | Villager (Male) |
| 3:41 | Create | Villager (Male) |
| 3:42 | Create | Villager (Male) |
| 3:51 | Create | Villager (Male) |
| 4:19 | Build | House |
| 4:21 | Build | House |
| 4:22 | Build | House |
| 4:30 | Create | Villager (Male) |
| 4:54 | Create | Villager (Male) |
| 5:11 | Create | Villager (Male) |
| 5:46 | Create | Villager (Male) |
| 5:47 | Create | Villager (Male) |
| 5:51 | Create | Villager (Male) |
| 5:55 | Build | Mill |
| 6:28 | Create | Villager (Male) |
| 6:42 | Create | Villager (Male) |
| 6:54 | Create | Villager (Male) |
| 7:20 | Create | Villager (Male) |
| 7:52 | Create | Villager (Male) |
| 8:50 | Build | Mining Camp |
| 9:16 | Research | Feudal Age |
| 9:39 | Build | Farm |
| 9:41 | Build | Farm |
| 10:28 | Build | Farm |
| 10:30 | Build | Farm |
| 11:21 | Create | Villager (Male) |
| 11:21 | Create | Villager (Male) |
| 11:26 | Age | Feudal Age |
| 11:31 | Build | Market |
| 11:38 | Build | Blacksmith |
| 11:56 | Build | Farm |
| 12:08 | Build | House |
| 12:12 | Build | House |
| 12:13 | Build | House |
| 12:30 | Build | Farm |
| 12:31 | Build | Farm |
| 13:00 | Research | Castle Age |
| 13:09 | Build | Palisade Gate |
| 13:21 | Build | Barracks |
| 13:43 | Research | Double-Bit Axe |
| 13:51 | Build | Farm |
| 13:59 | Create | Villager (Male) |
| 14:11 | Research | Horse Collar |
| 14:49 | Build | House |
| 15:40 | Age | Castle Age |
| 15:52 | Build | Siege Workshop |
| 15:54 | Build | Siege Workshop |
| 15:58 | Create | Villager (Male) |
| 16:01 | Research | Wheelbarrow |
| 16:29 | Create | Villager (Male) |
| 17:08 | Create | Battering Ram |
| 17:08 | Create | Battering Ram |
| 17:16 | Create | Villager (Male) |
| 17:50 | Create | Battering Ram |
| 18:25 | Create | Battering Ram |
| 18:28 | Create | Scorpion |
| 18:28 | Create | Scorpion |
| 18:31 | Create | Villager (Male) |
| 18:31 | Create | Villager (Male) |
| 18:31 | Create | Villager (Male) |
| 18:34 | Create | Villager (Male) |
| 18:57 | Create | Scorpion |
| 18:57 | Create | Scorpion |
| 18:57 | Create | Scorpion |
| 19:00 | Create | Villager (Male) |
| 19:00 | Create | Villager (Male) |
| 19:11 | Build | Farm |
| 19:39 | Create | Villager (Male) |
| 19:39 | Create | Villager (Male) |
| 20:07 | Create | Scorpion |
| 20:07 | Create | Scorpion |
| 20:18 | Create | Villager (Male) |
| 20:32 | Create | Scorpion |
| 20:32 | Create | Scorpion |
| 20:36 | Create | Villager (Male) |
| 20:36 | Create | Villager (Male) |
| 20:45 | Build | House |
| 20:49 | Build | House |
| 20:51 | Build | House |
| 21:45 | Create | Scorpion |
| 21:45 | Create | Scorpion |
| 21:45 | Create | Scorpion |
| 21:47 | Create | Villager (Male) |
| 21:47 | Create | Villager (Male) |
| 22:26 | Create | Scorpion |
| 22:26 | Create | Scorpion |
| 22:26 | Create | Scorpion |
| 22:54 | Create | Scorpion |
| 22:55 | Create | Scorpion |
| 22:55 | Create | Scorpion |
| 23:51 | Create | Scorpion |
| 23:51 | Create | Scorpion |
| 23:52 | Create | Scorpion |
| 23:52 | Create | Scorpion |
| 24:27 | Create | Villager (Male) |
| 24:27 | Create | Villager (Male) |
| 24:27 | Create | Villager (Male) |
| 24:28 | Create | Villager (Male) |
| 24:37 | Build | Town Center |
| 24:40 | Create | Villager (Male) |
| 25:15 | Create | Scorpion |
| 25:16 | Create | Scorpion |
| 25:16 | Create | Scorpion |
| 25:49 | Create | Battering Ram |
| 26:26 | Create | Battering Ram |
| 26:27 | Create | Battering Ram |
| 26:49 | Create | Villager (Male) |
| 26:51 | Build | House |
| 26:52 | Build | House |
| 26:54 | Build | House |
| 26:56 | Create | Villager (Male) |
| 26:57 | Create | Villager (Male) |
| 27:59 | Create | Villager (Male) |
| 27:59 | Create | Villager (Male) |
| 27:59 | Create | Villager (Male) |
| 28:00 | Create | Villager (Male) |
| 28:00 | Create | Villager (Male) |
| 28:01 | Create | Villager (Male) |
| 28:02 | Create | Villager (Male) |
| 28:05 | Create | Battering Ram |
| 28:05 | Create | Battering Ram |
| 28:06 | Create | Scorpion |
| 28:07 | Create | Scorpion |
| 29:11 | Create | Villager (Male) |
| 29:12 | Create | Villager (Male) |
| 29:12 | Create | Villager (Male) |
| 29:13 | Create | Villager (Male) |
| 29:13 | Create | Villager (Male) |
| 29:14 | Create | Villager (Male) |
| 29:33 | Build | Castle |
| 30:36 | Create | Scorpion |
| 30:37 | Create | Scorpion |
| 31:16 | Create | Villager (Male) |
| 31:26 | Build | Town Center |
| 32:01 | Create | Battering Ram |
| 32:01 | Create | Battering Ram |
| 32:47 | Research | Imperial Age |
| 32:50 | Build | Farm |
| 32:51 | Create | Villager (Male) |
Build order — 言灵·镰鼬
First 150 of 434 actions detected
| 0:00 | Create | Villager (Male) |
| 0:01 | Create | Villager (Male) |
| 0:04 | Build | House |
| 0:07 | Build | House |
| 0:56 | Create | Villager (Male) |
| 0:56 | Create | Villager (Male) |
| 1:42 | Create | Villager (Male) |
| 1:43 | Create | Villager (Male) |
| 1:43 | Create | Villager (Male) |
| 1:43 | Create | Villager (Male) |
| 2:06 | Create | Villager (Male) |
| 2:06 | Create | Villager (Male) |
| 2:06 | Create | Villager (Male) |
| 2:19 | Build | Lumber Camp |
| 2:20 | Create | Villager (Male) |
| 2:20 | Create | Villager (Male) |
| 2:21 | Create | Villager (Male) |
| 2:44 | Build | House |
| 2:49 | Create | Villager (Male) |
| 2:50 | Create | Villager (Male) |
| 2:50 | Create | Villager (Male) |
| 2:53 | Create | Villager (Male) |
| 2:53 | Create | Villager (Male) |
| 2:53 | Create | Villager (Male) |
| 3:23 | Build | House |
| 3:32 | Build | House |
| 3:38 | Create | Villager (Male) |
| 3:38 | Create | Villager (Male) |
| 3:38 | Create | Villager (Male) |
| 3:38 | Create | Villager (Male) |
| 3:39 | Create | Villager (Male) |
| 4:11 | Create | Villager (Male) |
| 4:11 | Create | Villager (Male) |
| 4:12 | Create | Villager (Male) |
| 4:38 | Create | Villager (Male) |
| 4:38 | Create | Villager (Male) |
| 4:38 | Create | Villager (Male) |
| 4:38 | Create | Villager (Male) |
| 5:29 | Create | Villager (Male) |
| 5:29 | Create | Villager (Male) |
| 5:29 | Create | Villager (Male) |
| 5:39 | Build | Mill |
| 5:45 | Create | Villager (Male) |
| 5:45 | Create | Villager (Male) |
| 5:46 | Create | Villager (Male) |
| 5:46 | Create | Villager (Male) |
| 5:46 | Create | Villager (Male) |
| 6:14 | Create | Villager (Male) |
| 6:14 | Create | Villager (Male) |
| 6:15 | Create | Villager (Male) |
| 8:05 | Research | Feudal Age |
| 8:05 | Research | Feudal Age |
| 8:34 | Build | House |
| 8:54 | Build | Farm |
| 8:55 | Build | Farm |
| 8:55 | Build | Farm |
| 9:22 | Create | Villager (Male) |
| 9:22 | Create | Villager (Male) |
| 10:15 | Age | Feudal Age |
| 10:32 | Build | Market |
| 10:37 | Build | Blacksmith |
| 11:00 | Create | Villager (Male) |
| 11:33 | Research | Castle Age |
| 11:33 | Research | Castle Age |
| 11:33 | Research | Castle Age |
| 11:33 | Research | Castle Age |
| 11:42 | Build | House |
| 11:44 | Build | House |
| 11:45 | Build | House |
| 12:13 | Research | Double-Bit Axe |
| 12:14 | Research | Double-Bit Axe |
| 12:14 | Research | Double-Bit Axe |
| 12:45 | Build | House |
| 12:54 | Build | House |
| 12:59 | Research | Horse Collar |
| 13:00 | Research | Horse Collar |
| 13:12 | Create | Villager (Male) |
| 13:37 | Build | Farm |
| 14:04 | Create | Villager (Male) |
| 14:13 | Age | Castle Age |
| 14:17 | Build | Town Center |
| 14:29 | Build | House |
| 14:36 | Build | Town Center |
| 14:39 | Create | Villager (Male) |
| 15:00 | Build | Farm |
| 15:00 | Build | Farm |
| 15:16 | Build | House |
| 15:17 | Build | House |
| 15:19 | Build | House |
| 15:21 | Create | Villager (Male) |
| 15:32 | Create | Villager (Male) |
| 15:32 | Create | Villager (Male) |
| 15:39 | Build | Farm |
| 15:39 | Build | Farm |
| 15:39 | Build | Farm |
| 15:48 | Build | Farm |
| 15:57 | Create | Villager (Male) |
| 15:57 | Create | Villager (Male) |
| 15:57 | Create | Villager (Male) |
| 15:57 | Create | Villager (Male) |
| 15:57 | Create | Villager (Male) |
| 16:10 | Create | Villager (Male) |
| 16:10 | Create | Villager (Male) |
| 16:11 | Create | Villager (Male) |
| 16:15 | Build | Farm |
| 16:15 | Build | Farm |
| 16:15 | Build | Farm |
| 16:23 | Build | Farm |
| 16:30 | Build | Farm |
| 16:33 | Create | Villager (Male) |
| 16:33 | Create | Villager (Male) |
| 16:33 | Create | Villager (Male) |
| 16:34 | Create | Villager (Male) |
| 16:40 | Build | Farm |
| 16:46 | Create | Villager (Male) |
| 16:46 | Create | Villager (Male) |
| 16:50 | Build | Farm |
| 16:57 | Create | Villager (Male) |
| 16:57 | Create | Villager (Male) |
| 16:58 | Create | Villager (Male) |
| 16:58 | Create | Villager (Male) |
| 17:03 | Build | Farm |
| 17:13 | Create | Villager (Male) |
| 17:14 | Create | Villager (Male) |
| 17:14 | Create | Villager (Male) |
| 17:14 | Create | Villager (Male) |
| 17:19 | Build | Farm |
| 17:19 | Build | Farm |
| 17:20 | Build | Farm |
| 17:28 | Create | Villager (Male) |
| 17:28 | Create | Villager (Male) |
| 17:29 | Create | Villager (Male) |
| 17:29 | Create | Villager (Male) |
| 17:29 | Create | Villager (Male) |
| 17:36 | Build | House |
| 17:37 | Build | House |
| 17:41 | Build | Farm |
| 17:46 | Create | Villager (Male) |
| 17:47 | Create | Villager (Male) |
| 17:47 | Create | Villager (Male) |
| 17:47 | Create | Villager (Male) |
| 17:47 | Create | Villager (Male) |
| 17:58 | Build | Farm |
| 17:58 | Build | Farm |
| 17:59 | Build | Farm |
| 18:12 | Create | Villager (Male) |
| 18:12 | Create | Villager (Male) |
| 18:13 | Create | Villager (Male) |
| 18:35 | Create | Villager (Male) |
| 18:36 | Create | Villager (Male) |
Match timeline
| 9:28 | dong · age_up feudal |
| 9:43 | monkeyken7414 · first_building Barracks |
| 10:15 | 言灵·镰鼬 · age_up feudal |
| 10:24 | 哈基索米 · age_up feudal |
| 10:31 | Putmalk · age_up feudal |
| 10:45 | monkeyken7414 · age_up feudal |
| 11:05 | DUDA · age_up feudal |
| 11:23 | monkeyken7414 · first_building Stable |
| 11:26 | 一杯茶 · age_up feudal |
| 11:52 | woohoohoo · age_up feudal |
| 13:21 | 一杯茶 · first_building Barracks |
| 13:47 | 哈基索米 · first_building Barracks |
| 14:13 | 言灵·镰鼬 · age_up castle |
| 14:34 | 哈基索米 · age_up castle |
| 14:39 | 哈基索米 · first_building Monastery |
| 14:56 | Putmalk · age_up castle |
| 14:59 | Putmalk · first_market_sell 100 wood |
| 15:00 | Putmalk · first_market_buy 100 stone |
| 15:03 | DUDA · age_up castle |
| 15:06 | Putmalk · first_building Castle |
| 15:16 | dong · first_building Barracks |
| 15:26 | monkeyken7414 · age_up castle |
| 15:31 | DUDA · first_building Monastery |
| 15:36 | monkeyken7414 · first_building Monastery |
| 15:40 | 一杯茶 · age_up castle |
| 15:52 | 一杯茶 · first_building Siege Workshop |
| 17:20 | woohoohoo · first_building Barracks |
| 18:42 | DUDA · first_market_sell 100 food |
| 18:42 | woohoohoo · first_building Archery Range |
| 18:43 | Putmalk · first_building Siege Workshop |
| 18:46 | DUDA · first_market_buy 100 stone |
| 18:46 | woohoohoo · age_up castle |
| 18:56 | 哈基索米 · first_building Siege Workshop |
| 19:53 | woohoohoo · first_building Castle |
| 20:05 | dong · age_up castle |
| 20:12 | dong · first_building Siege Workshop |
| 21:26 | 哈基索米 · first_market_buy 100 stone |
| 21:55 | 哈基索米 · first_building Stable |
| 22:01 | DUDA · first_building Barracks |
| 22:29 | dong · wall_segment Stone Wall x3 |
| 24:34 | dong · wall_segment Stone Wall x1 |
| 24:36 | dong · wall_segment Stone Wall x5 |
| 24:44 | 言灵·镰鼬 · first_building Monastery |
| 25:26 | DUDA · first_building Stable |
| 25:34 | 言灵·镰鼬 · first_market_sell 100 wood |
| 26:12 | 言灵·镰鼬 · first_building Barracks |
| 26:38 | woohoohoo · tribute_sent a jugador 1 |
| 26:38 | woohoohoo · tribute_sent a jugador 2 |
| 26:38 | woohoohoo · tribute_sent a jugador 3 |
| 26:38 | woohoohoo · tribute_sent a jugador 4 |
| 26:38 | woohoohoo · tribute_sent a jugador 6 |
| 26:38 | woohoohoo · tribute_sent a jugador 7 |
| 26:38 | woohoohoo · tribute_sent a jugador 8 |
| 27:22 | DUDA · first_building Siege Workshop |
| 27:33 | 言灵·镰鼬 · first_building Castle |
| 28:12 | DUDA · age_up imperial |
| 28:34 | 言灵·镰鼬 · first_building Archery Range |
| 28:56 | 言灵·镰鼬 · age_up imperial |
| 29:32 | 言灵·镰鼬 · first_building Stable |
| 29:33 | 一杯茶 · first_building Castle |
| 30:08 | monkeyken7414 · age_up imperial |
| 30:19 | DUDA · first_building Archery Range |
| 30:40 | dong · first_building Castle |
| 30:44 | monkeyken7414 · first_building Castle |
| 31:57 | DUDA · first_building Castle |
| 35:18 | woohoohoo · age_up imperial |
| 35:57 | 一杯茶 · age_up imperial |
| 36:54 | 言灵·镰鼬 · resign |
| 37:40 | dong · first_market_sell 100 wood |
[ AI ANALYSIS · 1 CREDIT ]
What really happened in this match?
Wolo.gg analyzes every decision: build order, eco, micro, common mistakes by bracket. Personalized analysis on WhatsApp or Discord in 30 seconds.
Civ guide
Britons
Perfil
Jugador #9640201